 Dungeon Crawl Stone Soup version 0.19-a0-1895-g783e625 (webtiles) character file.

327 dobroeutro the Bolt Thrower (level 6, -6/34 HPs)
             Began as a Kobold Hunter on Oct 19, 2016.
             Shot with an arrow by a centaur (8 damage)
             ... on level 4 of the Dungeon.
             The game lasted 00:08:15 (3393 turns).

dobroeutro the Bolt Thrower (Kobold Hunter)         Turns: 3393, Time: 00:08:16

Health: -6/34      AC:  4    Str:  9 (11) XL:     6   Next: 79%
Magic:  6/6        EV: 20    Int: 13 (14) God:
Gold:   250        SH:  0    Dex: 22 (23) Spells: 0 memorised, 5 levels left

rFire  . . .     SeeInvis .     b - +0 short sword
rCold  . . .     Gourm    .     c - +1 leather armour
rNeg   + . .     Faith    .     (shield restricted)
rPois  .         Spirit   .     (no helmet)
rElec  .         Reflect  .     (no cloak)
rCorr  .         Harm     .     (no gloves)
MR     .....                    (no boots)
Stlth  ++++......               (no amulet)
                                (no ring)
                                i - ring of positive energy

@: agile
A: agile 1, carnivore 3, clever 1, frail 1
a: no special abilities


You were on level 4 of the Dungeon.
You were very full.

You visited 1 branch of the dungeon, and saw 4 of its levels.

You collected 250 gold pieces.

Inventory:

Hand Weapons
 a - a +2 hand crossbow
 b - a +0 short sword (weapon)
Missiles
 d - 10 bolts
Armour
 c - a +1 leather armour (worn)
Jewellery
 i - a ring of positive energy (left hand)
Wands
 j - a wand of heal wounds (7/9)
Scrolls
 g - 8 scrolls of identify
 h - a scroll of random uselessness {unknown}
 o - a scroll of enchant weapon
 p - 2 scrolls of remove curse
 r - a scroll of blinking
Potions
 l - a potion of haste
Books
 q - the Handbook of Frigorific Sinister Rituals
   (You found it on level 4 of the Dungeon)

   Spells                             Type                      Level
   a - Animate Skeleton               Necromancy                   1
   b - Corpse Rot                     Necromancy                   2
   c - Ozocubu's Armour               Charms/Ice                   3
   d - Summon Ice Beast               Ice/Summoning                4
   e - Excruciating Wounds            Charms/Necromancy            5
   f - Cigotuvi's Embrace             Necromancy                   5
Comestibles
 f - 3 meat rations
 m - a beef jerky


   Skills:
 + Level 3.7 Fighting
 + Level 4.8 Short Blades
 + Level 6.0 Crossbows
 - Level 2.4 Dodging
 + Level 4.2 Stealth


You had 5 spell levels left.
You didn't know any spells.

Dungeon Overview and Level Annotations

Branches:
Dungeon (4/15)
 Temple: D:4-7

Altars:
Ashenzari

Annotations:
D:3 Grinder


Innate Abilities, Weirdness & Mutations

You are small and have problems with some larger weapons.
You are carnivorous and can eat meat at any time.
You are agile. (Dex +2)
Your mind is acute. (Int +2)
You are frail. (-10% HP)


Message History

* * * LOW HITPOINT WARNING * * *
The leopard gecko closely misses you.
Wield which item (- for none, * to show all)? (? for menu, Esc to quit)
Okay, then.
It was a potion of degeneration.
There was something very wrong with that liquid.
You feel weakened.
You feel dopey.
You feel clumsy. The centaur barely misses you. The leopard gecko bites you.
* * * LOW HITPOINT WARNING * * *
The centaur hits you.
* * * LOW HITPOINT WARNING * * *
It was a potion of mutation.
You feel extremely strange.
You feel clever.
You feel agile.
You feel frail. The centaur barely misses you.
The leopard gecko closely misses you.
You feel agile all of a sudden. The centaur closely misses you.
The leopard gecko closely misses you. The centaur closely misses you.
The centaur wields an uncursed shortbow.
The centaur shoots an arrow.
The arrow hits you!
You die...

.. ..( ..(.
....# ....(#
....(.### ### .
.![....(##..###
#
.......((lc...#
........@..#..#
#####....### .#
##...# ##..#
#.## # #.# .
##.# # ##..#
##...#


You could see a centaur and a leopard gecko.

Vanquished Creatures
  A water moccasin (D:4)
  Jessica (D:2)
  2 worker ants
  A hound skeleton (D:4)
  5 adders
  An ooze (D:3)
  A worm (D:4)
  4 dart slugs
  5 leopard geckos
  5 giant cockroaches
  8 goblins
  7 hobgoblins
  7 jackals
  2 quokkas
  A ball python (D:2)
  A ball python skeleton (D:4)
  5 bats
  8 frilled lizards
  7 kobolds
  4 rats
76 creatures vanquished.

Notes
Turn   | Place    | Note
-------+----------+-------------------------------------------
     0 | D:1      | dobroeutro the Kobold Hunter began the quest for the Orb.
     0 | D:1      | Reached XP level 1. HP: 12/12 MP: 1/1
   122 | D:1      | Reached skill level 5 in Crossbows
   122 | D:1      | Reached XP level 2. HP: 16/18 MP: 2/2
   165 | D:1      | Reached skill level 1 in Short Blades
   424 | D:1      | Reached XP level 3. HP: 19/22 MP: 3/3
   906 | D:2      | Reached XP level 4. HP: 19/27 MP: 4/4
  1420 | D:2      | Noticed Jessica
  1424 | D:2      | Killed Jessica
  1424 | D:2      | Reached XP level 5. HP: 32/32 MP: 5/5
  1627 | D:3      | Noticed Grinder
  2282 | D:3      | Paralysed by Grinder for 4 turns
  2956 | D:4      | Found a shattered altar of Ashenzari.
  3028 | D:4      | Identified the Handbook of Frigorific Sinister Rituals
  3200 | D:4      | Reached XP level 6. HP: 25/37 MP: 6/6
  3357 | D:4      | Noticed a water moccasin
  3367 | D:4      | Killed a water moccasin
  3367 | D:4      | Reached skill level 6 in Crossbows
  3391 | D:4      | Gained mutation: Your mind is acute. (Int +2) [potion of mutation]
  3391 | D:4      | Gained mutation: You are agile. (Dex +2) [potion of mutation]
  3391 | D:4      | Gained mutation: You are frail. (-10% HP) [potion of mutation]
  3393 | D:4      | Shot with an arrow by a centaur

Vault maps used:
D:1:      saegor_arrival_simple_c
D:2:      minmay_heptomino_w4, uniq_jessica
D:3:      first_bread, minmay_goblin_kobold_house, uniq_grinder
D:4:      nicolae_ashenzari_panopticon

Skill      XL: |  1  2  3  4  5  6 |
---------------+-------------------+-----
Crossbows      | 5 6 |  6.0
Short Blades   | 1 2 3 4 |  4.8
Stealth        | 2 3 4 |  4.2
Fighting       | 3 |  3.7
Dodging        | |  2.4

Action                   |  1- 3 |  4- 6 || total
-------------------------+-------+-------++-------
Melee: Short sword       |    84 |   182 ||   266
 Fire: Hand crossbow     |     4 |    33 ||    37
  Use: Potion            |     1 |     5 ||     6
       Scroll            |       |     9 ||     9
 Stab: Sleeping          |     1 |     4 ||     5
  Eat: Chunk             |     1 |    15 ||    16
Armor: Leather armour    |    20 |    50 ||    70
Dodge: Dodged            |    70 |   137 ||   207
